 Dungeon Crawl Stone Soup version 0.29-a0-397-g846e4a0bbc (webtiles) character file.

Game seed: 13030449599864547592

420128 siradein the Ruinous (level 22, -3/159 HPs)
             Began as a Demonspawn Conjurer on May 11, 2022.
             Was the Champion of Vehumet.
             Killed from afar by a lich (67 damage)
             ... with a bolt of cold
             ... on level 5 of the Vaults on May 12, 2022.
             The game lasted 05:26:43 (64933 turns).

siradein the Ruinous (Demonspawn Conjurer)         Turns: 64933, Time: 05:26:43

Health: -3/159     AC: 19    Str: 11    XL:     22   Next: 63%
Magic:  14/47      EV: 21    Int: 28    God:    Vehumet [******]
Gold:   2319       SH: 19    Dex: 18    Spells: 6/64 levels left

rFire   + + +      SeeInvis .   W - staff of conjuration
rCold   . . .      Faith    .   U - +1 kite shield {AC+3}
rNeg    . . .      Spirit   .   F - +2 robe {Archmagi}
rPois   .          Reflect  .   g - +1 helmet "Lerron" {rF+ Str+3}
rElec   .          Harm     .   D - +2 cloak
rCorr   .          Rampage  .   c - +2 pair of gloves
Will    ++...      Archmagi + + (boots unavailable)
Stlth   ++........              r - amulet of magic regeneration
HPRegen 0.36/turn               K - ring "Yfrit" {rF++ Will+ Dex+4}
MPRegen 0.70/turn               e - ring of the Mage {Wiz Archmagi}

@: repel missiles
A: hooves 3, repulsion field 3, icemail 1, condensation shield, demonic magic 3,
corrupting presence 1
}: 2/15 runes: serpentine, barnacled
a: Renounce Religion


You were on level 5 of the Vaults.
You worshipped Vehumet.
Vehumet was exalted by your worship.
You visited 8 branches of the dungeon, and saw 40 of its levels.
You visited 2 bazaars.
You also visited: Sewer and Volcano.

You collected 6014 gold pieces.
You spent 3695 gold pieces at shops.

Inventory:

Armour
 a - the +4 moon troll leather armour {Spirit, Regen++ MP+5}
   (You found it on level 4 of the Lair of Beasts)

   MP:        It affects your magic capacity (+5).
   Regen:     It increases your rate of health regeneration.
 c - a +2 pair of gloves (worn)
 g - the +1 helmet "Lerron" (worn) {rF+ Str+3}
   (You found it on level 9 of the Dungeon)

   Str:       It affects your strength (+3).
   rF:        It protects you from fire.
 D - a +2 cloak (worn)
 F - a +2 robe of the Archmagi (worn)
 U - a +1 kite shield of protection (worn)
Magical Staves
 W - a staff of conjuration (weapon)
Jewellery
 e - the ring of the Mage (right hand) {Wiz Archmagi}
   (You found it on level 9 of the Dungeon)

   [ring of wizardry]

   It improves your spell success rate.
   Archmagi:  It increases the power of your magical spells.
 k - the ring of Tugatae {Fly Str+7}
   (You took it off a merfolk siren on level 4 of the Shoals)

   [ring of flight]

   Str:       It affects your strength (+7).
   Fly:       It grants you flight.
 r - an amulet of magic regeneration (around neck)
 s - a ring of ice
 K - the ring "Yfrit" (left hand) {rF++ Will+ Dex+4}
   (You bought it in a shop on level 2 of the Orcish Mines)

   [ring of willpower]

   Dex:       It affects your dexterity (+4).
   rF:        It greatly protects you from fire.
   Will:      It increases your willpower.
 L - a ring of resist corrosion
 V - a ring of poison resistance
 X - a ring of protection from cold
Wands
 u - a wand of acid (24)
 z - a wand of iceblast (38)
 I - a wand of mindburst (44)
 J - a wand of polymorph (15)
 T - a wand of paralysis (10)
 Z - a wand of flame (15)
Scrolls
 d - 13 scrolls of fear
 f - 9 scrolls of fog
 l - 21 scrolls of teleportation
 o - a scroll of enchant armour
 q - 9 scrolls of enchant weapon
 x - 9 scrolls of magic mapping
 y - 5 scrolls of immolation
 E - 2 scrolls of brand weapon
 G - 3 scrolls of silence
 H - 7 scrolls of blinking
 M - 10 scrolls of amnesia
 N - 3 scrolls of summoning
 S - 9 scrolls of vulnerability
Potions
 b - 8 potions of magic
 h - a potion of invisibility
 j - 27 potions of curing
 m - 6 potions of berserk rage
 n - 6 potions of haste
 p - 5 potions of ambrosia
 v - 11 potions of heal wounds
 w - 6 potions of brilliance
 A - 2 potions of cancellation
 B - 10 potions of mutation
 P - 8 potions of might
Miscellaneous
 i - a phial of floods
 C - a box of beasts
 Q - a condenser vane
 R - a phantom mirror
 Y - a tin of tremorstones (2/2)


   Skills:
 - Level 10.0 Fighting
 - Level 10.0 Dodging
 - Level 1.7 Stealth
 + Level 13.8 Shields
 + Level 21.7 Spellcasting
 + Level 23.7 Conjurations
 - Level 5.0 Summonings
 + Level 9.4 Fire Magic
 - Level 5.0 Ice Magic
 - Level 5.0 Air Magic
 + Level 9.5 Evocations


You had 6 spell levels left.
You knew the following spells:

 Your Spells              Type           Power      Damage    Failure   Level
a - Iskenderun's Battles  Conj           100%       2d15      0%          5
b - Spellforged Servitor  Conj/Summ      77%        N/A       1%          7
c - Fulminant Prism       Conj/Hex       72%        3d30      1%          4
d - Iskenderun's Mystic   Conj/Tloc      100%       2d19      1%          4
e - Magic Dart            Conj           100%       1d8       0%          1
f - Fireball              Conj/Fire      80%        3d30      1%          5
g - Lightning Bolt        Conj/Air       77%        1d103     1%          5
h - Orb of Destruction    Conj           89%        9d19      1%          7
i - Freezing Cloud        Conj/Ice/Air   71%        6-21      1%          5
j - Passwall              Tmut/Erth      51%        N/A       1%          2
k - Searing Ray           Conj           100%       2d8       0%          2
l - Fire Storm            Conj/Fire      80%        8d20      24%         9
m - Blink                 Tloc           100%       N/A       1%          2

Your spell library contained the following spells:

 Spells                   Type           Power      Damage    Failure   Level
 Shatter                  Erth           31%        3d25*     100%        9
 Foxfire                  Conj/Fire      100%       2x1d9     0%          1
 Shock                    Conj/Air       100%       1d9       0%          1
 Static Discharge         Conj/Air       100%       N/A       0%          2
 Animate Skeleton         Necr           100%       N/A       1%          1
 Apportation              Tloc           100%       N/A       1%          1
 Freeze                   Ice            100%       1d11      1%          1
 Pain                     Necr           100%       1d9       1%          1
 Sandblast                Erth           100%       2d20      1%          1
 Slow                     Hex            100%       N/A       1%          1
 Summon Small Mammal      Summ           100%       N/A       1%          1
 Corpse Rot               Necr/Air       100%       N/A       1%          2
 Ensorcelled Hibernation  Hex/Ice        100%       N/A       1%          2
 Sublimation of Blood     Necr           62%        N/A       1%          2
 Wereblood                Tmut           62%        N/A       1%          2
 Dazzling Flash           Conj/Hex       100%       N/A       1%          3
 Mephitic Cloud           Conj/Pois/Air  100%       N/A       1%          3
 Ozocubu's Armour         Ice            92%        N/A       1%          3
 Stone Arrow              Conj/Erth      100%       3d13      1%          3
 Swiftness                Air            92%        N/A       1%          3
 Airstrike                Air            46%        N/A       1%          4
 Sticky Flame             Conj/Fire      100%       2d11      1%          4
 Summon Ice Beast         Ice/Summ       92%        N/A       1%          4
 Irradiate                Conj/Tmut      72%        3d37      1%          5
 Conjure Ball Lightning   Conj/Air       77%        3x3d28    1%          6
 Iron Shot                Conj/Erth      72%        9d13      1%          6
 Starburst                Conj/Fire      80%        6d20      1%          6
 Confusing Touch          Hex            62%        N/A       2%          3
 Portal Projectile        Hex/Tloc       100%       N/A       2%          3
 Animate Armour           Summ/Erth      100%       N/A       3%          4
 Yara's Violent Unravell  Hex/Tmut       31%        3d13      7%          5
 Animate Dead             Necr           31%        N/A       9%          4
 Dispel Undead            Necr           62%        3d22      9%          4
 Leda's Liquefaction      Hex/Erth       31%        N/A       9%          4
 Passage of Golubria      Tloc           62%        N/A       9%          4
 Petrify                  Tmut/Erth      62%        N/A       9%          4
 Metabolic Englaciation   Hex/Ice        39%        N/A       9%          5
 Silence                  Hex/Air        39%        N/A       9%          5
 Summon Forest            Summ/Tloc      39%        N/A       9%          5
 Summon Mana Viper        Hex/Summ       79%        N/A       9%          5
 Agony                    Necr           62%        N/A       24%         5
 Alistair's Intoxication  Tmut/Pois      41%        N/A       24%         5
 Blade Hands              Tmut           31%        N/A       24%         5
 Borgnjor's Vile Clutch   Necr/Erth      31%        N/A       24%         5
 Excruciating Wounds      Necr           31%        N/A       24%         5
 Eringya's Noxious Bog    Tmut/Pois      31%        N/A       32%         6
 Simulacrum               Ice/Necr       39%        N/A       43%         6
 Death Channel            Necr           31%        N/A       77%         6
 Dispersal                Tloc           31%        N/A       77%         6
 Statue Form              Tmut/Erth      41%        N/A       77%         6
 Lehudib's Crystal Spear  Conj/Erth      72%        10d16     13%         8
 Ozocubu's Refrigeration  Ice            46%        4d14      24%         7
 Ignition                 Fire           56%        3d15      30%         8
 Chain Lightning          Conj/Air       77%        3d102     47%         9
 Monstrous Menagerie      Summ           46%        N/A       65%         7
 Summon Hydra             Summ           46%        N/A       65%         7
 Maxwell's Capacitive Co  Air            46%        ∞         80%         8
 Haunt                    Necr/Summ      39%        N/A       92%         7
 Malign Gateway           Summ/Tloc      39%        N/A       92%         7
 Storm Form               Tmut/Air       39%        N/A       92%         7
 Dragon Form              Tmut           31%        N/A       99%         7
 Enfeeble                 Hex            31%        N/A       99%         7
 Summon Horrible Things   Summ           46%        N/A       99%         8
 Borgnjor's Revivificati  Necr           31%        N/A       100%        8
 Discord                  Hex            31%        N/A       100%        8
 Infestation              Necr           31%        N/A       100%        8
 Necromutation            Tmut/Necr      31%        N/A       100%        8
 Death's Door             Necr           31%        N/A       100%        9
 Polar Vortex             Ice            46%        N/A       100%        9


Dungeon Overview and Level Annotations

Branches:
Dungeon (15/15)            Temple (1/1) D:4            Lair (6/6) D:11
 Shoals (4/4) Lair:4        Snake (4/4) Lair:3        Slime (0/5) Lair:6
    Orc (2/2) D:12            Elf (3/3) Orc:2        Vaults (5/5) D:14
  Crypt (0/3) Vaults:2     Depths (0/4) D:15          Sewer (visited)
Volcano (visited)

Altars:
Ashenzari
Cheibriados
Dithmenos
Elyvilon
Fedhas
Gozag
Hepliaklqana
Kikubaaqudgha
Makhleb
Nemelex Xobeh
Okawaru
Qazlal
Ru
Sif Muna
Trog
Uskayaw
Vehumet
Wu Jian
Xom
Yredelemnul
Zin
The Shining One
Beogh

Shops:
Orc:2 =([(   Snake:1 **?=   Snake:4 *:==   Vaults:1 *?[

Portals:
Trove: D:11 (give +2 storm dragon scales)


Innate Abilities, Weirdness & Mutations

You have hooves in place of feet.
You are surrounded by a strong repulsion field. (EV +4, RMsl)
A meltable icy envelope protects you from harm. (AC +4)
A meltable shield of frost defends you. (SH +4)
Spells you cast and wands you use may paralyse nearby enemies.
Your presence sometimes corrodes those you injure.


Message History

Confirm with . or Enter, or press ? or * to list all spells.
Aiming: Fireball (safe; 1% risk of failure)
Press: ? - help, Shift-Dir - straight line, f/p - deep troll
Aim: a deep troll (almost dead, ally target)
You feel a huge surge of power!
The fireball explodes!
The fireball engulfs the deep troll!
You kill the deep troll!
Vehumet accepts your kill.
You feel your power returning. Malevolent energies surge around you.
You hear a deafening roar!
Your spellforged servitor launches a ball of destructive magic.
The wavering orb of destruction weakly hits something!!
Unknown command.
You hear some strange, mumbled words.
Casting: Fireball (safe; 1% risk of failure)
Confirm with . or Enter, or press ? or * to list all spells.
You can't see any susceptible monsters within range! (Use Z to cast anyway.)
Casting: Fireball (safe; 1% risk of failure)
Confirm with . or Enter, or press ? or * to list all spells.
Aiming: Fireball (safe; 1% risk of failure)
Press: ? - help, Shift-Dir - straight line
Okay, then.
A sphinx comes into view.
Your spellforged servitor launches a ball of destructive magic.
The sphinx moves out of view.
Casting: Fireball (safe; 1% risk of failure)
Confirm with . or Enter, or press ? or * to list all spells.
Aiming: Fireball (safe; 1% risk of failure)
Press: ? - help, Shift-Dir - straight line, f - tengu reaver
Aim: a tengu reaver, wielding a +0 halberd and wearing a +0 scale mail (severely wounded)
You feel a huge surge of power!
The fireball explodes!
The fireball engulfs something.
The fireball engulfs your spellforged servitor.
Your spellforged servitor resists.
Your spellforged servitor is lightly damaged.
Malevolent energies surge around you.
You hear a shout! x3; You hear some strange, mumbled words.
A bolt of cold appears from out of thin air!
The bolt of cold hits you!!!
You die...

#..#
#.p#
#TQ#
#.*#
#.☼#
#.9#
#{.#
#..#
#@†#
#..#
#..#
#..#
#..H
#....
#....
#.....


You could see a sphinx, a tengu reaver, a deep troll (strong, ally target), an
ironbound convoker and a friendly spellforged servitor (summoned).

Vanquished Creatures
  Vashnia (Snake:4)
  Nikola (Vaults:1)
  Rupert (Lair:6)
  3 deep elf blademasters
  A deep elf master archer (Elf:3)
  A titan (Shoals:2)
  Jorgrun (Snake:1)
  3 sphinxes
  Kirke (Shoals:1)
  Gastronok (D:10)
  Roxanne (Shoals:4)
  4 krakens
  4 nagarajas (Snake:4)
  Ilsuiw (Shoals:2)
  3 frost giants
  2 orc warlords
  4 deep elf sorcerers
  6 vault wardens
  Aizul (Snake:1)
  2 war gargoyles
  6 ironbound preservers
  A stone giant (D:15)
  5 deep elf elementalists (Elf:3)
  7 very ugly things
  3 ironbound thunderhulks
  2 dire elephants
  9 deep elf demonologists
  6 deep elf annihilators (Elf:3)
  Snorg (Lair:5)
  2 ettins (Vaults:5)
  2 fire dragons
  A crystal guardian (Vaults:3)
  4 deep elf death magi (Elf:3)
  3 merfolk javelineers
  2 yaktaur captains
  10 merfolk impalers
  3 deep elf high priests
  2 great orbs of eyes
  Fannar (Lair:3)
  29 vault guards
  A rakshasa (D:14)
  A peacekeeper (Vaults:3)
  4 boulder beetles
  3 ironbound frosthearts
  The ghost of ytrimaz the Spear-Bearer, a journeyman DsMo of Dithmenos (Orc:1)
  2 salamander tyrants
  8 hydras
  3 anacondas
  3 merfolk avatars
  An ogre mage (D:15)
  A catoblepas (D:13)
  12 centaur warriors
  3 alligator snapping turtles
  6 dancing weapons
  14 two-headed ogres
  3 merfolk aquamancers (Shoals:4)
  A satyr (Shoals:4)
  4 death yaks (Lair:4)
  2 death knights (D:14)
  4 naga warriors
  The ghost of RandomusNamus the Blocker, a novice FoFi of Okawaru (D:9)
  7 orc high priests
  6 shock serpents
  5 naga sharpshooters
  Urug (D:13)
  8 deep elf knights
  Amaemon (D:9)
  A skeletal warrior (Vaults:2)
  A salamander mystic (Snake:2)
  18 deep trolls
  2 sea snakes
  4 wizards
  A flayed ghost (Vaults:1)
  A swamp dragon (Lair:6)
  4 naga ritualists
  4 orc knights
  8 deep elf archers (Elf:2)
  2 glowing orange brains
  An obsidian statue (Volcano)
  4 necromancers
  9 lindwurms
  2 oklob plants (Lair:6)
  A wolf spider (D:14)
  31 harpies
  5 orc sorcerers
  A human zombie (Vaults:4)
  6 deep elf zephyrmancers
  16 ironbound convokers
  10 deep elf pyromancers
  9 mana vipers
  A moth of wrath (Orc:1)
  A frost giant zombie (Vaults:4)
  3 salamanders
  17 cyclopes
  20 manticores
  16 ugly things
  21 fauns
  A human skeleton (Vaults:2)
  19 elephants
  A nameless horror (Snake:4)
  A stone giant skeleton (Vaults:2)
  26 black mambas
  9 water nymphs
  10 merfolk sirens
  A titan simulacrum (Vaults:4)
  An orange demon (D:9)
  A smoke demon (Volcano)
  9 naga magi
  2 guardian serpents (Snake:4)
  2 gargoyles (D:12)
  12 cane toads
  An unseen horror (shapeshifter) (D:14)
  A torpor snail (Lair:6)
  4 vault sentinels
  9 yaktaurs
  An unseen horror (D:12)
  3 rime drakes
  A tengu conjurer (D:13)
  A kobold demonologist (D:11)
  11 komodo dragons
  A freezing wraith (D:14)
  8 polar bears
  7 trolls
  A tengu simulacrum (Vaults:1)
  A wind drake (shapeshifter) (D:14)
  2 hornets
  7 wind drakes
  22 merfolk
  A tarantella (Vaults:4)
  16 slime creatures
  4 blink frogs (Lair:6)
  16 snapping turtles
  19 dream sheep
  A culicivora (Vaults:2)
  A culicivora (shapeshifter) (D:14)
  2 shadows
  2 centaur simulacra
  5 wyverns
  A vampire (D:12)
  An ettin skeleton (Vaults:2)
  A fire elemental (Elf:2)
  4 wraiths
  38 yaks
  2 basilisks
  7 water elementals
  Eustachio (D:5)
  4 steam dragons
  A hog (Shoals:1)
  11 fire bats
  A golden eye (shapeshifter) (D:14)
  3 vampire mosquitoes (D:14)
  6 redbacks
  Menkaure (D:5)
  6 wargs
  16 nagas
  3 acid dragons (Lair:6)
  A hell hound (Volcano)
  27 water moccasins
  A swamp drake (Lair:6)
  3 black bears
  32 orc warriors
  6 ice beasts
  11 ogres
  13 wolves
  2 centaurs
  A phantom (D:6)
  11 bullfrogs
  2 gnoll sergeants
  An earth elemental (Elf:3)
  2 necrophages
  4 scorpions
  4 wights (D:8)
  18 killer bees
  5 electric eels (Snake:1)
  9 howler monkeys
  7 lava snakes (Volcano)
  2 hounds
  A human simulacrum (Vaults:1)
  Crazy Yiuf (D:4)
  A jelly (D:4)
  23 orc priests
  3 gnoll shamans
  25 orc wizards
  5 iguanas
  A hell rat (Lair:4)
  24 gnolls
  14 adders
  5 river rats (Sewer)
  A shadow imp (D:6)
  2 white imps
  An ufetubus (D:5)
  2 worms (D:6)
  70 orcs
  17 ball pythons
  10 bats
  7 endoplasms
  12 giant cockroaches
  7 goblins
  6 hobgoblins
  4 jackals (Sewer)
  4 quokkas
  2 training dummies (D:5)
  5 frilled lizards
  5 kobolds
  4 rats
  5 tentacles
1246 creatures vanquished.

Vanquished Creatures (collateral kills)
  A lich (Vaults:1)
  2 tentacled monstrosities
  2 titans
  Asterion (Elf:2)
  The ghost of Pooter the Severer, an adept MiBe of Trog (Elf:1)
  2 sphinxes (Vaults:4)
  2 tengu reavers
  A shadow dragon (Vaults:5)
  11 nagarajas (Snake:4)
  An orc warlord (Vaults:2)
  12 vault wardens
  15 ironbound preservers
  5 very ugly things
  2 war gargoyles
  4 stone giants
  11 ironbound thunderhulks
  A deep elf annihilator (Elf:3)
  8 dire elephants
  3 entropy weavers
  An ettin (Vaults:1)
  4 deep elf death magi
  5 yaktaur captains
  3 great orbs of eyes
  A salamander tyrant (Snake:4)
  2 boulder beetles
  2 peacekeepers
  7 vault guards
  5 centaur warriors
  6 anacondas
  4 ironbound frosthearts
  A two-headed ogre (Orc:1)
  11 naga warriors
  18 dancing weapons
  The ghost of Jukk the Destroyer, a journeyman DECj of Vehumet (Lair:1)
  9 naga sharpshooters (Snake:4)
  3 shock serpents
  14 deep elf knights
  2 salamander mystics
  4 skeletal warriors (Vaults:2)
  23 deep trolls
  A phantasmal warrior (Vaults:1)
  8 deep elf archers
  A wizard (Vaults:4)
  22 deep elf pyromancers
  6 naga ritualists
  11 deep elf zephyrmancers
  4 ironbound convokers
  5 lindwurms
  A necromancer (Vaults:4)
  3 orc knights
  A shadow dragon skeleton (Vaults:2)
  3 human zombies
  6 mana vipers
  A tengu skeleton (Vaults:2)
  9 ugly things
  6 salamanders
  An iron dragon skeleton (Vaults:2)
  A sphinx skeleton (Vaults:2)
  A frost giant skeleton (Vaults:2)
  14 black mambas
  A moth of wrath (Orc:1)
  2 human skeletons (Vaults:2)
  10 naga magi
  4 guardian serpents (Snake:4)
  13 vault sentinels
  A yaktaur zombie (Vaults:1)
  10 yaktaurs
  2 yaktaur skeletons (Vaults:2)
  A troll (Elf:3)
  8 slime creatures
  A stone giant simulacrum (Vaults:4)
  2 water elementals
  An ettin skeleton (Vaults:1)
  2 air elementals (Elf:2)
  A fire elemental (Elf:3)
  25 nagas
  2 ogre skeletons
  An orc warrior (Elf:3)
  4 earth elementals
  An orc wizard (Elf:3)
  An orc (Elf:3)
409 creatures vanquished.

Vanquished Creatures (others)
  A deep elf master archer (Elf:3)
  A yaktaur captain (Vaults:4)
  A dancing weapon (Elf:2)
  A lindwurm (Vaults:1)
  2 deep elf zephyrmancers (Elf:2)
  A wizard (Vaults:1)
  A deep elf pyromancer (Elf:1)
  A yaktaur (Vaults:1)
  A fire elemental (Elf:2)
  2 nagas
  An iguana (Lair:6)
  A fire vortex (Lair:6)
  3 fulminant prisms
  42 fungi
  280 plants
  25 tentacles
364 creatures vanquished.

Grand Total: 2019 creatures vanquished

Notes
Turn   | Place    | Note
-------+----------+-------------------------------------------
     0 | D:1      | siradein the Demonspawn Conjurer began the quest for the
                  | Orb.
     0 | D:1      | Reached XP level 1. HP: 13/13 MP: 3/3
    41 | D:1      | Found a faded altar of an unknown god.
    41 | D:1      | Noticed a soul eater
   150 | D:1      | Gained mutation: Spells you cast may paralyse adjacent
                  | enemies. [demonic ancestry]
   150 | D:1      | Reached XP level 2. HP: 19/19 MP: 0/5
   974 | D:2      | Reached XP level 3. HP: 24/24 MP: 4/7
   977 | D:2      | Learned a level 2 spell: Searing Ray
  1691 | D:2      | Gained mutation: You have large cloven feet. [demonic
                  | ancestry]
  1691 | D:2      | Reached XP level 4. HP: 30/30 MP: 2/8
  1696 | D:2      | Learned a level 4 spell: Fulminant Prism
  1913 | D:2      | Reached skill level 5 in Conjurations
  2255 | D:3      | Gained mutation: A meltable shield of frost defends you.
                  | (SH +4) [demonic ancestry]
  2255 | D:3      | Reached XP level 5. HP: 35/35 MP: 4/10
  2361 | D:3      | Identified the +4 quarterstaff of Might {protect, rF+
                  | Int+4}
  2719 | D:3      | Learned a level 4 spell: Iskenderun's Mystic Blast
  3397 | D:4      | Found a staircase to the Ecumenical Temple.
  3403 | Temple   | Entered the Ecumenical Temple
  3410 | Temple   | Became a worshipper of Vehumet
  3529 | D:4      | Found a stormy altar of Qazlal.
  3873 | D:4      | Noticed a black bear
  3879 | D:4      | Killed a black bear
  3880 | D:4      | Reached skill level 6 in Conjurations
  3880 | D:4      | Gained mutation: A meltable icy envelope protects you from
                  | harm. (AC +4) [demonic ancestry]
  3880 | D:4      | Reached XP level 6. HP: 41/41 MP: 4/12
  4122 | D:4      | Found a runed translucent door.
  4123 | D:4      | Noticed Crazy Yiuf
  4623 | D:5      | Entered Level 5 of the Dungeon
  4743 | D:5      | Noticed an ice beast
  4766 | D:5      | Killed an ice beast
  4767 | D:5      | Reached skill level 5 in Spellcasting
  4767 | D:5      | Gained mutation: You are surrounded by a mild repulsion
                  | field. (EV +2) [demonic ancestry]
  4767 | D:5      | Reached XP level 7. HP: 46/46 MP: 5/14
  5135 | D:5      | Reached skill level 7 in Conjurations
  5221 | D:5      | Noticed Eustachio
  5227 | D:5      | Reached * piety under Vehumet
  5227 | D:5      | Offered knowledge of Foxfire by Vehumet.
  5321 | D:5      | Killed Eustachio
  5554 | D:5      | Gained mutation: Spells you cast may paralyse nearby
                  | enemies. [demonic ancestry]
  5554 | D:5      | Reached XP level 8. HP: 52/52 MP: 9/17
  5719 | D:5      | Noticed Menkaure
  5723 | D:5      | Killed Menkaure
  5724 | D:5      | Reached skill level 8 in Conjurations
  6403 | D:6      | Found a shimmering altar of Xom.
  6404 | D:6      | Found a bloodstained altar of Trog.
  6543 | D:6      | Found a glowing drain.
  6572 | Sewer    | Entered a sewer
  6796 | Sewer    | Reached ** piety under Vehumet
  6796 | Sewer    | Offered knowledge of Shock by Vehumet.
  7538 | D:6      | Reached skill level 9 in Conjurations
  7696 | D:6      | Offered knowledge of Ignite Poison by Vehumet.
  7838 | D:6      | Gained mutation: You are surrounded by a moderate repulsion
                  | field. (EV +3) [demonic ancestry]
  7838 | D:6      | Reached XP level 9. HP: 57/57 MP: 14/20
  8497 | D:6      | Reached *** piety under Vehumet
  8947 | D:7      | Reached skill level 10 in Conjurations
  9235 | D:7      | Learned a level 5 spell: Iskenderun's Battlesphere
  9241 | D:7      | Learned a level 5 spell: Fireball
  9778 | D:8      | Noticed a two-headed ogre
 10056 | D:8      | Offered knowledge of Olgreb's Toxic Radiance by Vehumet.
 10342 | D:8      | Reached skill level 11 in Conjurations
 10395 | D:8      | Killed a two-headed ogre
 10396 | D:8      | Reached XP level 10. HP: 63/63 MP: 13/23
 10554 | D:8      | Reached skill level 10 in Spellcasting
 10735 | D:9      | Noticed Amaemon
 10735 | D:9      | Noticed an orange demon
 10828 | D:9      | Identified the +2 quarterstaff of Misery {spect, +Blink
                  | Will+ Str+5}
 10836 | D:9      | Learned a level 5 spell: Lightning Bolt
 10896 | D:9      | Found a runed translucent door.
 10897 | D:9      | Found a shimmering altar of Xom.
 10897 | D:9      | Noticed RandomusNamus's ghost (novice FoFi)
 10899 | D:9      | Noticed a +3 mace of chaos
 10994 | D:9      | Noticed a green ugly thing
 11001 | D:9      | Killed a green ugly thing
 11039 | D:9      | Killed an orange demon
 11122 | D:9      | Killed Amaemon
 11123 | D:9      | Reached skill level 12 in Conjurations
 11567 | D:9      | Reached **** piety under Vehumet
 11584 | D:10     | Entered Level 10 of the Dungeon
 11698 | D:9      | Reached skill level 1 in Fighting
 12530 | D:10     | Offered knowledge of Inner Flame by Vehumet.
 12531 | D:10     | Gained mutation: Spells you cast and wands you use may
                  | paralyse nearby enemies. [demonic ancestry]
 12531 | D:10     | Reached XP level 11. HP: 72/72 MP: 14/26
 12631 | D:10     | Noticed Gastronok
 12660 | D:10     | Killed Gastronok
 12927 | D:10     | Found a shadowy altar of Dithmenos.
 13211 | D:11     | Found a staircase to the Lair.
 13309 | D:11     | Noticed a seven-headed hydra
 13593 | D:11     | Reached skill level 13 in Conjurations
 13686 | D:11     | Found a portal to a secret trove of treasure.
 13709 | D:11     | Noticed a soul eater
 13762 | D:11     | Noticed an eight-headed hydra
 13768 | D:11     | Killed an eight-headed hydra
 13824 | D:11     | Noticed a boulder beetle
 13836 | D:11     | Killed a boulder beetle
 13932 | D:11     | Found a bloodstained altar of Trog.
 13960 | D:11     | Reached skill level 5 in Fighting
 14099 | D:11     | Killed a seven-headed hydra
 14309 | D:11     | Noticed a six-headed hydra
 14309 | D:11     | Noticed a two-headed ogre
 14309 | D:11     | Noticed a cyan ugly thing
 14447 | D:11     | Reached ***** piety under Vehumet
 14683 | D:11     | Upgraded the game from 0.29-a0-393-g47a863cc1b to
                  | 0.29-a0-397-g846e4a0bbc
 14912 | D:4      | Killed Crazy Yiuf
 15170 | D:9      | Learned a level 7 spell: Orb of Destruction
 15212 | Lair:1   | Entered Level 1 of the Lair of Beasts
 15587 | Lair:1   | Reached XP level 12. HP: 88/88 MP: 19/28
 15590 | Lair:1   | Offered knowledge of Eringya's Noxious Bog by Vehumet.
 15912 | Lair:1   | Found a runed translucent gate.
 15912 | Lair:1   | Found a runed translucent gate.
 15912 | Lair:1   | Found a runed translucent gate.
 15914 | Lair:1   | Noticed a nine-headed hydra
 15915 | Lair:1   | Noticed Jukk's ghost (journeyman DECj)
 16436 | Lair:2   | Reached skill level 14 in Conjurations
 17993 | Lair:3   | Noticed Fannar
 18003 | Lair:3   | Killed Fannar
 18210 | Lair:3   | Found a staircase to the Snake Pit.
 18969 | Lair:4   | Identified the +3 chain mail "Mifoco" {Fly Will+}
 19224 | Lair:4   | Noticed a death yak
 19224 | Lair:4   | Noticed a death yak
 19228 | Lair:4   | Reached XP level 13. HP: 100/100 MP: 23/30
 19373 | Lair:4   | Reached skill level 15 in Conjurations
 19949 | Lair:4   | Found the +4 moon troll leather armour {Spirit, Regen++
                  | MP+5}
 20254 | Lair:4   | Got the Catalogue of the Volcanoes and Enchantment
 20423 | Lair:4   | Found a staircase to the Shoals.
 20836 | Lair:5   | Identified a scroll of acquirement
 20837 | Lair:5   | Acquired a staff of conjuration
 20861 | Lair:5   | Noticed Snorg
 20863 | Lair:5   | Reached skill level 10 in Fighting
 20903 | Lair:5   | Killed Snorg
 21248 | Lair:5   | You are sucked into a shaft and drop 1 floor!
 21248 | Lair:6   | Entered Level 6 of the Lair of Beasts
 21298 | Lair:6   | Noticed Rupert
 21770 | Lair:6   | Reached skill level 16 in Conjurations
 21828 | Lair:6   | Offered knowledge of Airstrike by Vehumet.
 21999 | Lair:6   | Found a staircase to the Slime Pits.
 22191 | Lair:6   | Gained mutation: You are surrounded by a strong repulsion
                  | field. (EV +4, RMsl) [demonic ancestry]
 22191 | Lair:6   | Reached XP level 14. HP: 110/110 MP: 27/32
 23618 | Lair:6   | Reached skill level 5 in Dodging
 24309 | Lair:6   | Killed Rupert
 24310 | Lair:6   | Reached skill level 15 in Spellcasting
 25410 | D:12     | Found a staircase to the Orcish Mines.
 25715 | Orc:1    | Entered Level 1 of the Orcish Mines
 25757 | Orc:1    | Found a dark tunnel.
 25774 | Volcano  | Entered a volcano
 25875 | Volcano  | Offered knowledge of Freezing Cloud by Vehumet.
 25882 | Volcano  | Learned a level 5 spell: Freezing Cloud
 26350 | Volcano  | Found a radiant altar of Vehumet.
 26543 | D:9      | Found the ring of the Mage {Wiz Archmagi}
 26554 | D:9      | Identified the +1 helmet "Lerron" {rF+ Str+3}
 26706 | Orc:1    | Reached skill level 17 in Conjurations
 27027 | Orc:1    | Noticed ytrimaz's ghost (journeyman DsMo)
 27030 | Orc:1    | Found a transporter.
 27074 | Orc:1    | Found a transporter.
 27423 | Orc:2    | Entered Level 2 of the Orcish Mines
 27429 | Orc:2    | Noticed an orc warlord
 27492 | Orc:2    | Paralysed by an orc sorcerer for 4 turns
 27618 | Orc:2    | Found Gamoqehuck's Antique Armour Boutique.
 27765 | Orc:2    | Bought a runed kite shield for 240 gold pieces
 27916 | Orc:2    | Found a staircase to the Elven Halls.
 27961 | Orc:2    | Killed an orc warlord
 28017 | Orc:2    | Reached XP level 15. HP: 115/115 MP: 1/34
 28219 | Orc:2    | Found Jegu's Antique Weapon Shop.
 28295 | Orc:2    | Reached ****** piety under Vehumet
 28399 | Orc:2    | Found Zedeth's Jewellery Boutique.
 28454 | Orc:2    | Bought the ring "Yfrit" {rF++ Will+ Dex+4} for 926 gold
                  | pieces
 28470 | Orc:2    | Found Uhunat's General Store.
 28691 | Orc:2    | Found Zissel's Antique Weapon Shoppe.
 28879 | D:9      | Killed RandomusNamus's ghost
 29439 | D:13     | Offered knowledge of Yara's Violent Unravelling by Vehumet.
 29996 | D:13     | Noticed Urug
 29999 | D:13     | Killed Urug
 30278 | D:14     | Found a broken altar of Ashenzari.
 31104 | D:14     | Found a gate to the Vaults.
 31248 | D:14     | Reached skill level 18 in Conjurations
 31706 | D:15     | Entered Level 15 of the Dungeon
 31912 | D:15     | Found a staircase to the Depths.
 32750 | Shoals:1 | Entered Level 1 of the Shoals
 32923 | Shoals:1 | Reached XP level 16. HP: 122/122 MP: 9/36
 32926 | Shoals:1 | Noticed a kraken
 33064 | Shoals:1 | Killed a kraken
 33606 | Shoals:1 | Noticed a kraken
 33612 | Shoals:1 | Killed a kraken
 33978 | Shoals:1 | Reached skill level 10 in Dodging
 34027 | Shoals:1 | Noticed Kirke
 34134 | Shoals:1 | Noticed a sphinx
 34267 | Shoals:1 | Noticed a kraken
 34274 | Shoals:1 | Killed a kraken
 34636 | Shoals:1 | Noticed a sphinx
 35430 | Shoals:1 | Killed Kirke
 35879 | Shoals:2 | Noticed Ilsuiw
 35882 | Shoals:2 | Killed Ilsuiw
 36064 | Shoals:2 | Reached skill level 19 in Conjurations
 36552 | Shoals:2 | Offered knowledge of Ozocubu's Refrigeration by Vehumet.
 37257 | Shoals:2 | Found a gateway to a bazaar.
 37276 | Bazaar   | Entered a bazaar
 37277 | Bazaar   | Found Loss's Book Shop.
 37277 | Bazaar   | Found Puguelag's Antique Armour Boutique.
 37278 | Bazaar   | Found Yraasaov's Distillery.
 37295 | Bazaar   | Bought a potion of curing for 33 gold pieces
 37295 | Bazaar   | Bought a potion of mutation for 88 gold pieces
 37295 | Bazaar   | Bought a potion of curing for 33 gold pieces
 37295 | Bazaar   | Bought a potion of curing for 33 gold pieces
 37295 | Bazaar   | Bought 2 potions of might for 88 gold pieces
 37295 | Bazaar   | Bought a potion of curing for 33 gold pieces
 37295 | Bazaar   | Bought a potion of curing for 33 gold pieces
 37309 | Bazaar   | Found Otoruir's Magic Scroll Emporium.
 37317 | Bazaar   | Bought 2 scrolls of identify for 40 gold pieces
 37317 | Bazaar   | Bought a scroll of amnesia for 35 gold pieces
 37317 | Bazaar   | Bought a scroll of vulnerability for 75 gold pieces
 37317 | Bazaar   | Bought a scroll of fog for 20 gold pieces
 37317 | Bazaar   | Bought a scroll of fear for 35 gold pieces
 37329 | Bazaar   | Bought the Disquisition on the Congealing Rocks for 816
                  | gold pieces
 37332 | Bazaar   | Learned a level 2 spell: Passwall
 37484 | Shoals:2 | Noticed a titan
 37556 | Shoals:2 | Killed a titan
 37557 | Shoals:2 | Reached skill level 1 in Shields
 38134 | Shoals:3 | Found a flickering gateway to a bazaar.
 38159 | Bazaar   | Entered a bazaar
 38226 | Bazaar   | Found Darphicuo's Armour Shoppe.
 38242 | Bazaar   | Found Quosk's Book Shoppe.
 38242 | Bazaar   | Found Puvov's Armour Emporium.
 38264 | Bazaar   | Found Alocly's Weapon Shoppe.
 38264 | Bazaar   | Found Peexo's Magic Scroll Emporium.
 38275 | Bazaar   | Bought a scroll of teleportation for 51 gold pieces
 38275 | Bazaar   | Bought a scroll of teleportation for 51 gold pieces
 38275 | Bazaar   | Bought a scroll of teleportation for 51 gold pieces
 38275 | Bazaar   | Bought a scroll of enchant armour for 127 gold pieces
 39046 | Shoals:3 | Noticed a kraken
 39063 | Shoals:3 | Killed a kraken
 39368 | Shoals:3 | Reached XP level 17. HP: 128/128 MP: 32/39
 39775 | Shoals:4 | Entered Level 4 of the Shoals
 39874 | Shoals:4 | Offered knowledge of Lee's Rapid Deconstruction by Vehumet.
 40114 | Shoals:4 | Reached skill level 20 in Conjurations
 40706 | Shoals:4 | Got a barnacled rune of Zot
 40762 | Shoals:4 | Identified the ring of Tugatae {Fly Str+7}
 41231 | Shoals:4 | Reached skill level 5 in Shields
 41373 | Shoals:4 | Identified Roxanne's Tome of Earth
 41373 | Shoals:4 | Noticed Roxanne
 41380 | Shoals:4 | Killed Roxanne
 42017 | Shoals:4 | Got the Compendium of the Birds
 42304 | Snake:1  | Entered Level 1 of the Snake Pit
 42431 | Orc:2    | Bought a ring of poison resistance for 320 gold pieces
 42671 | Snake:1  | Noticed Aizul
 42685 | Snake:1  | Killed Aizul
 43084 | Snake:1  | Noticed Jorgrun
 43090 | Snake:1  | Killed Jorgrun
 43472 | Snake:1  | Found Haiphism's Jewellery Shop.
 43547 | Snake:1  | Found Nuofanun's Assorted Antiques.
 43553 | Snake:1  | Found Deod's General Store.
 43553 | Snake:1  | Found Eclawaef's Magic Scroll Shop.
 43559 | Snake:1  | Bought an amulet of magic regeneration for 390 gold pieces
 43808 | Snake:2  | Offered knowledge of Spellforged Servitor by Vehumet.
 43817 | Snake:2  | Learned a level 7 spell: Spellforged Servitor
 45000 | Snake:3  | Gained mutation: You have hoof-like feet. [demonic
                  | ancestry]
 45000 | Snake:3  | Reached XP level 18. HP: 107/134 MP: 17/41
 45660 | Snake:3  | Reached skill level 1 in Summonings
 45664 | Snake:3  | Reached skill level 1 in Air Magic
 45667 | Snake:3  | Reached skill level 1 in Fire Magic
 45860 | Snake:4  | Entered Level 4 of the Snake Pit
 45874 | Snake:4  | Reached skill level 1 in Ice Magic
 45888 | Snake:4  | Identified the +4 broad axe of Disarray {vorpal, Fragile
                  | rPois rF+ Dex+3}
 45942 | Snake:4  | Found Naocigy's Book Shoppe.
 45942 | Snake:4  | Found Xocal's Jewellery Shop.
 45943 | Snake:4  | Found Xoxzops's Jewellery Shop.
 46450 | Snake:4  | Offered knowledge of Fire Storm by Vehumet.
 46450 | Snake:4  | Offered knowledge of Shatter by Vehumet.
 46450 | Snake:4  | Offered knowledge of Chain Lightning by Vehumet.
 46691 | Snake:4  | Reached skill level 21 in Conjurations
 47232 | Snake:4  | Noticed Vashnia
 47251 | Snake:4  | Killed Vashnia
 47557 | Snake:4  | Found Qeguelid's Neck Hole.
 48641 | Snake:4  | Got the Disquisition on Beguiling
 48648 | Snake:4  | Got a serpentine rune of Zot
 48869 | Vaults:1 | Entered Level 1 of the Vaults
 49066 | Vaults:1 | Reached XP level 19. HP: 140/140 MP: 22/42
 49222 | Vaults:1 | Found Tynun's Magic Scroll Shoppe.
 49225 | Vaults:1 | Bought a scroll of fear for 52 gold pieces
 49225 | Vaults:1 | Bought a scroll of teleportation for 45 gold pieces
 49269 | Vaults:1 | Noticed Nikola
 49286 | Vaults:1 | Killed Nikola
 49647 | Vaults:1 | Found Etuotem's Antique Armour Boutique.
 49693 | Vaults:1 | Reached skill level 5 in Summonings
 50139 | Vaults:1 | Identified the +0 fire dragon scales of Servitude {Drain
                  | Fly rPois rF++ rC- Dex+3}
 50609 | Vaults:1 | Reached skill level 5 in Air Magic
 50651 | Vaults:1 | Found Ulavvur's General Store.
 50659 | Vaults:1 | Bought a potion of heal wounds for 80 gold pieces
 50754 | Vaults:1 | Reached skill level 5 in Fire Magic
 50981 | Vaults:1 | Reached skill level 5 in Ice Magic
 51210 | Vaults:1 | Found a huge runed gate.
 51210 | Vaults:1 | Found a huge runed gate.
 51210 | Vaults:1 | Found a huge runed gate.
 51211 | Vaults:1 | Found a huge runed gate.
 51211 | Vaults:1 | Found a huge runed gate.
 51211 | Vaults:1 | Found a huge runed gate.
 51212 | Vaults:1 | Found a huge runed gate.
 51212 | Vaults:1 | Found a huge runed gate.
 51213 | Vaults:1 | Found a huge runed gate.
 51213 | Vaults:1 | Found a huge runed gate.
 51216 | Vaults:1 | Found a huge runed gate.
 51216 | Vaults:1 | Found a huge runed gate.
 51216 | Vaults:1 | Found a huge runed gate.
 51216 | Vaults:1 | Found a huge runed gate.
 51216 | Vaults:1 | Found a huge runed gate.
 51216 | Vaults:1 | Found a huge runed gate.
 51217 | Vaults:1 | Found a huge runed gate.
 51218 | Vaults:1 | Found a huge runed gate.
 51219 | Vaults:1 | Found a huge runed gate.
 51227 | Vaults:1 | Found a huge runed gate.
 51227 | Vaults:1 | Found a huge runed gate.
 51227 | Vaults:1 | Found a huge runed gate.
 51227 | Vaults:1 | Found a huge runed gate.
 51227 | Vaults:1 | Found a huge runed gate.
 51227 | Vaults:1 | Found a huge runed gate.
 51228 | Vaults:1 | Found a huge runed gate.
 51299 | Vaults:1 | Found a huge runed gate.
 51299 | Vaults:1 | Found a huge runed gate.
 51303 | Vaults:1 | Found a huge runed gate.
 51303 | Vaults:1 | Found a huge runed gate.
 51303 | Vaults:1 | Found a huge runed gate.
 51303 | Vaults:1 | Found a huge runed gate.
 51303 | Vaults:1 | Found a huge runed gate.
 51303 | Vaults:1 | Found a huge runed gate.
 51304 | Vaults:1 | Found a huge runed gate.
 51305 | Vaults:1 | Found a huge runed gate.
 52468 | Vaults:2 | Reached skill level 10 in Shields
 53325 | Vaults:2 | Reached skill level 22 in Conjurations
 53342 | Vaults:2 | Found a staircase to the Crypt.
 53772 | Vaults:2 | Reached XP level 20. HP: 147/147 MP: 44/44
 53782 | Vaults:2 | Learned a level 9 spell: Fire Storm
 54085 | Vaults:2 | Identified the +10 flail of Peril {vamp, rCorr}
 54855 | Vaults:3 | Reached skill level 1 in Evocations
 56836 | Vaults:4 | Reached skill level 5 in Evocations
 57086 | Vaults:4 | Gained mutation: You have hooves in place of feet. [demonic
                  | ancestry]
 57086 | Vaults:4 | Reached XP level 21. HP: 153/153 MP: 40/45
 58552 | Elf:1    | Entered Level 1 of the Elven Halls
 58665 | Lair:1   | Killed Jukk's ghost
 58698 | Lair:1   | Identified the +1 plate armour of Misanthropy {Str+4 Int+2}
 58784 | Orc:1    | Found a bloodstained altar of Trog.
 58806 | Orc:1    | Killed ytrimaz's ghost
 58960 | Elf:1    | Reached skill level 23 in Conjurations
 59757 | Elf:1    | Found a runed translucent door.
 59757 | Elf:1    | Noticed Pooter's ghost (adept MiBe)
 60343 | Elf:1    | Killed Pooter's ghost
 60515 | Elf:2    | Noticed Asterion
 60516 | Elf:2    | Paralysed by an air elemental for 1 turns
 60547 | Elf:2    | Killed Asterion
 61546 | Elf:2    | Found a runed translucent gate.
 61548 | Elf:2    | Found a runed translucent gate.
 61557 | Elf:2    | Found a runed translucent gate.
 62623 | Elf:3    | Entered Level 3 of the Elven Halls
 63147 | Elf:3    | Gained mutation: Your presence sometimes corrodes those you
                  | injure. [demonic ancestry]
 63147 | Elf:3    | Reached XP level 22. HP: 159/159 MP: 47/47
 63467 | Elf:3    | Identified the +1 robe of Woyl {Drain rN+ Int+6}
 63986 | Elf:3    | Identified the +3 scale mail "Piluy" {rF++}
 64256 | Elf:3    | Got the Compendium of Displaced Lightness
 64260 | Elf:3    | Learned a level 2 spell: Blink
 64276 | Elf:3    | Got the Papyrus of Arcane Weapons
 64656 | Vaults:5 | Entered Level 5 of the Vaults
 64933 | Vaults:5 | Killed from afar by a lich

Illustrated notes

Levels and vault maps discovered:
D:1:      tarquinn_simple_flora_water_f, layout_basic,
          dreamdust_ecumenical_altar_sealed_demon, serial_bayou_crossing
D:2:      layout_basic, grunt_ministairs_4
D:3:      layout_basic
D:4:      layout_cave_pods, amcnicky_altar_gilded, temple_green,
          uniq_crazy_yiuf_cottage
D:5:      dreamdust_elfheim, layout_cave_pods, uniq_eustachio, uniq_menkaure
D:6:      layout_basic, grunt_temple_overflow_open, cheibrodos_sewer_entry_bend
D:7:      layout_gridville
D:8:      layout_rooms, minmay_microvault
D:9:      layout_irregular_city, ebering_ghost_xom, lemuel_flamethrower_hall,
          uniq_amaemon
D:10:     layout_basic, grunt_dithmenos_shadows, uniq_gastronok
D:11:     layout_roguey, erik_lair_orcish_takeover,
          nicolae_trove_entry_crossroad, grunt_ministairs_15, bloody_trog
D:12:     layout_stronghold, orc_0_dummy
D:13:     layout_grid_maze, minmay_door_square, minmay_starry_boxes, uniq_urug
D:14:     hangedman_cross_veins, layout_basic, david_vaults_1,
          cheibrodos_ashenzari_chains
D:15:     grunt_enter_depths_giant_problem, layout_long_grid
Temple:   nicolae_temple_no_exploring_needed
Lair:1:   layout_regular_city, gammafunk_ghost_hydra_chop, beast_lair_carwin_7,
          grunt_megastairs_1, lemuel_fruit_tree
Lair:2:   layout_misc_corridors, st_stairs_10
Lair:3:   layout_hall_layers, minmay_snake_entry_six_corridors, uniq_fannar
Lair:4:   layout_roguey, elwin_shoals_entry_rooms, minmay_lindwurm_lava
Lair:5:   layout_gridlike, cheibrodos_lair_lostbears, uniq_snorg
Lair:6:   guppyfry_lair_end_dragon, layout_gridlike,
          minmay_slime_entry_oklob_open, uniq_rupert
Shoals:1: layout_shoals, uniq_kirke
Shoals:2: cheibrodos_shoals_gigantism, layout_shoals, serial_shops,
          bzr_entry_water, uniq_ilsuiw
Shoals:3: layout_shoals, serial_shops, bzr_entry_gold, st_shoals_ruin
Shoals:4: shoals_end_grunt_garden, layout_shoals, shoal_ilsuiw, uniq_roxanne
Snake:1:  layout_onion_interference, minmay_shop_grid_forest,
          serial_bayou_shore_a, uniq_aizul, uniq_jorgrun
Snake:2:  layout_honeycomb
Snake:3:  layout_cave_town
Snake:4:  grunt_snake_rune_spirals, layout_onion,
          nicolae_shop_sticking_my_neck_out, minmay_shop_grove,
          serial_bayou_shore_b, uniq_vashnia
Orc:1:    layout_diamond_mine, gammafunk_ghost_wrathful_warriors,
          nicolae_volcano_entry_batcave
Orc:2:    grunt_orc_gardens, layout_caves, grunt_orc_garden, grunt_orc_garden,
          grunt_orc_garden, grunt_orc_garden, basic_altar, serial_shops,
          nicolae_diamond_shop
Elf:1:    minmay_elf_arrival_plus, layout_gridlike, gammafunk_ghost_grave,
          minmay_elf_annihilation
Elf:2:    nicolae_elf_blades_splatter_lattice
          [nicolae_vaults_blade_armed_guards], layout_gridlike, lemuel_elevator,
          uniq_asterion
Elf:3:    grunt_elf_hall_asides, layout_gridlike
Vaults:1: vaults_dpeg_spiral, door_vault, v_misc_24, hangedman_vaults_impose,
          hangedman_vaults_snaps, ontoclasm_vaults_ring_large,
          hangedman_vaults_maws, v_alt_pattern_6, ontoclasm_vaults_chip,
          vaults_dpeg_hooks, nicolae_vaults_little_squares_4,
          hangedman_vaults_trim, vaults_mumra_hexcomb,
          layout_vaults_chaotic_city, serial_shops, shop, shop_fountains,
          nicolae_shop_behind_doors, uniq_nikola
Vaults:2: hangedman_vaults_restitches, vaults_room_ringed_pool, v_misc_8,
          minmay_crypt_entry_skeletal_spiral, ontoclasm_vaults_tryst,
          ontoclasm_vaults_hangar, vaults_room_hallway, st_more_cells,
          hangedman_vaults_slice, nicolae_vaults_shelves_hall, v_pattern_1,
          ontoclasm_vaults_eye, grunt_vaults_swirl, layout_vaults_omnicross
Vaults:3: ontoclasm_vaults_fault, nicolae_vaults_circle_grid_b,
          vaults_dpeg_cross, ontoclasm_vaults_pinch, v_pattern_4, v_misc_26,
          ontoclasm_vaults_twist, nicolae_vaults_windows_and_doors_thing,
          v_alt_pattern_3, v_misc_19, layout_vaults_maze_snakey
Vaults:4: vaults_room_grunt_arrival_ludios, hangedman_vaults_variations,
          vaults_mumra_chevron_long, nicolae_vaults_big_ls, st_eye,
          nicolae_vaults_stairing_the_circle, ontoclasm_vaults_chip, v_rooms_5,
          vaults_room_hallway, nicolae_vaults_little_ls, layout_vaults_omnibox
Vaults:5

Skill      XL: |  1  2  3  4  5  6  7  8  9 10 11 12 13 14 15 16 17 18 19 20 21 22 |
---------------+-------------------------------------------------------------------+-----
Spellcasting   | 3 4 5 6 7 9 11 12 13 14 15 16 18 19 20 21 | 21.7
Conjurations   | 5 6 7 9 11 12 13 14 16 17 18 19 20 21 22 23 | 23.7
Fighting       | 2 6 8 10 | 10.0
Dodging        | 3 7 9 10 | 10.0
Shields        | 3 7 8 10 12 13 | 13.8
Summonings     | 4 5 |  5.0
Air Magic      | 4 5 |  5.0
Fire Magic     | 4 5 6 8 9 |  9.4
Ice Magic      | 4 5 |  5.0
Evocations     | 5 8 9 |  9.5
Stealth        | |  1.7

Action                   |  1- 3 |  4- 6 |  7- 9 | 10-12 | 13-15 | 16-18 | 19-21 | 22-24 || total
-------------------------+-------+-------+-------+-------+-------+-------+-------+-------++-------
Melee: Unarmed           |     1 |       |       |       |       |       |       |       ||     1
       Spear             |       |     1 |       |       |       |       |       |       ||     1
       Quarterstaff      |       |     3 |     6 |     1 |     7 |       |       |       ||    17
       Staff             |       |       |       |       |     5 |     1 |       |     2 ||     8
       Kick              |       |       |       |       |       |       |       |     1 ||     1
 Cast: Magic Dart        |    63 |    82 |   207 |   301 |   449 |   604 |   355 |     3 ||  2064
       Searing Ray       |     2 |    10 |    50 |    29 |    63 |    36 |    20 |     1 ||   211
       Iskenderun's Batt |       |       |    12 |    71 |   119 |   139 |    83 |     2 ||   426
       Fireball          |       |       |     1 |    16 |    43 |   107 |   104 |    67 ||   338
       Iskenderun's Myst |       |       |       |    23 |    48 |    70 |    23 |    11 ||   175
       Lightning Bolt    |       |       |       |     3 |    10 |       |    10 |       ||    23
       Orb of Destructio |       |       |       |     2 |    49 |    14 |     3 |     5 ||    73
       Fulminant Prism   |       |       |       |     2 |     1 |       |       |       ||     3
       Freezing Cloud    |       |       |       |       |     5 |    58 |    61 |     8 ||   132
       Spellforged Servi |       |       |       |       |       |    54 |   145 |    16 ||   215
  Use: Scroll            |       |     4 |     4 |     6 |    11 |     6 |     3 |     3 ||    37
       Potion            |       |       |       |       |       |       |       |     2 ||     2
 Stab: Paralysed         |     1 |       |     4 |       |       |       |       |       ||     5
Armor: Leather armour    |       |     1 |    14 |     7 |       |       |       |       ||    22
       Steam dragon scal |       |       |       |    10 |       |       |       |       ||    10
       Troll leather arm |       |       |       |       |    28 |    24 |       |       ||    52
       Robe              |       |       |       |       |       |     8 |    28 |     3 ||    39
Dodge: Dodged            |     9 |     9 |    34 |    47 |    91 |   115 |   118 |    15 ||   438
       Repelled          |       |       |     2 |       |     8 |    15 |     9 |     1 ||    35
Block: Other             |       |       |     9 |     9 |    11 |       |       |       ||    29
       Reflection        |       |       |       |       |    18 |    34 |       |       ||    52
       Kite shield       |       |       |       |       |    22 |   169 |   147 |     8 ||   346

Table legend: (Time is in decaauts)
 A = Elapsed time spent in this place.
 B = Non-inter-level travel time spent in this place.
 C = Inter-level travel time spent in this place.
 D = Time resting spent in this place.
 E = Time spent auto-exploring this place.
 F = Levels seen in this place.
 G = Mean time per level.
                   A        B        C        D        E       F      G
               +--------+--------+--------+--------+--------+-----+--------+
         Total |  65254 |  61591 |   3663 |   4507 |  45498 |  44 | 1483.0 |
       Dungeon |  19842 |  18053 |   1789 |    545 |  14689 |  15 | 1322.8 |
        Temple |     14 |     14 |      0 |      0 |      0 |   1 |   14.0 |
          Lair |  10234 |   9626 |    608 |   1338 |   6687 |   6 | 1705.7 |
        Shoals |   9221 |   9041 |    180 |   1222 |   6415 |   4 | 2305.2 |
     Snake Pit |   6022 |   5794 |    228 |    164 |   4405 |   4 | 1505.5 |
  Orcish Mines |   2555 |   2224 |    331 |    247 |   1433 |   2 | 1277.5 |
   Elven Halls |   5543 |   5350 |    193 |    255 |   3820 |   3 | 1847.7 |
        Vaults |   9976 |   9645 |    331 |    606 |   6713 |   5 | 1995.2 |
        Bazaar |    204 |    204 |      0 |      0 |    169 |   2 |  102.0 |
         Sewer |   1033 |   1033 |      0 |      0 |    891 |   1 | 1033.0 |
       Volcano |    606 |    606 |      0 |    130 |    274 |   1 |  606.0 |
               +--------+--------+--------+--------+--------+-----+--------+

Top non-repeatable levels by time:
Vaults:1: 3410 daAuts
Shoals:1: 3059 daAuts
  Lair:6: 3033 daAuts
 Snake:4: 2844 daAuts
Vaults:2: 2580 daAuts
Vaults:4: 2467 daAuts
   Elf:2: 2225 daAuts
Shoals:3: 2191 daAuts
Shoals:2: 2127 daAuts
  Lair:4: 2107 daAuts
  Lair:3: 1863 daAuts
Shoals:4: 1842 daAuts
     D:5: 1815 daAuts
   Elf:3: 1777 daAuts
     D:9: 1757 daAuts
